 Dungeon Crawl Stone Soup version 0.30-a0-772-g5528072125 (webtiles) character file.

Game seed: 12133019388614868934

15743 Crownlay the Thaumaturge (level 12, -3/69 HPs)
             Began as a Gargoyle Earth Elementalist on Feb 12, 2023.
             Was an Elder of Vehumet.
             Slain by a lindwurm simulacrum (9 damage)
             ... in an ice cave.
             The game lasted 00:22:11 (11970 turns).

Crownlay the Thaumaturge (GrEE)                    Turns: 11970, Time: 00:22:11

Health: -3/69      AC: 16    Str: 11    XL:     12   Next: 30%
Magic:  33/37      EV: 11    Int: 28    God:    Vehumet [****..]
Gold:   870        SH:  0    Dex: 10    Spells: 32/36 levels left

rFire   + . .      SeeInvis .    k - staff of earth
rCold   + . .      Faith    .    (no shield)
rNeg    + . .      Spirit   .    J - +1 steam dragon scales
rPois   ∞          Reflect  .    v - +0 helmet
rElec   +          Harm     .    K - scarf {rC+ rF+}
rCorr   .          Rampage  .    (no gloves)
Will    .....                    f - +0 pair of boots
Stlth   ++                       L - amulet of the acrobat
HPRegen 0.31/turn                G - ring of magical power
MPRegen 0.25/turn                B - +6 ring of intelligence

@: no status effects
A: sickness immunity, AC +8, negative energy resistance 1, electricity
resistance, torment resistance 1, petrification resistance
a: Renounce Religion


You were in an ice cave.
You worshipped Vehumet.
Vehumet was greatly pleased with you.
You visited 3 branches of the dungeon, and saw 14 of its levels.
You also visited: Ice Cave.

You collected 870 gold pieces.

Inventory:

Armour
 f - a +0 pair of boots (worn)
 v - a +0 helmet (worn)
 J - +1 steam dragon scales (worn)
 K - a scarf of resistance (worn)
Magical Staves
 k - a staff of earth (weapon)
 s - a staff of conjuration
Jewellery
 g - a ring of protection from fire
 i - a ring of willpower
 B - a +6 ring of intelligence (right hand)
 G - a ring of magical power (left hand)
 L - an amulet of the acrobat (around neck)
 M - a ring of resist corrosion
 R - a ring of see invisible
 T - a +6 ring of dexterity
 U - a ring of willpower
Wands
 x - a wand of charming (22)
 D - a wand of roots (11)
 E - a wand of mindburst (29)
 N - a wand of light (2)
Scrolls
 c - 3 scrolls of poison
 e - 4 scrolls of teleportation
 j - 2 scrolls of brand weapon
 l - 3 scrolls of enchant armour
 m - 5 scrolls of fog
 n - 4 scrolls of immolation
 q - a scroll of torment {unknown}
 w - 2 scrolls of summoning
 y - a scroll of silence {unknown}
 A - a scroll of amnesia {unknown}
 C - a scroll of blinking {unknown}
 F - a scroll of noise {unknown}
 O - 2 scrolls of vulnerability
 P - 2 scrolls of fear {unknown}
 S - a scroll of magic mapping {unknown}
Potions
 a - 2 potions of ambrosia {unknown}
 b - a potion of magic
 h - 6 potions of heal wounds
 o - 3 potions of brilliance {unknown}
 p - a potion of resistance {unknown}
 r - 4 potions of attraction
 t - 2 potions of haste {unknown}
 u - 3 potions of flight
 z - 7 potions of curing {unknown}
 H - 4 potions of might {unknown}
 I - 3 potions of lignification {unknown}
 Q - a potion of berserk rage {unknown}


   Skills:
 + Level 5.9 Fighting
 - Level 1.5 Dodging
 - Level 2.1 Stealth
 - Level 1.0 Shields
 * Level 12.5 Spellcasting
 + Level 5.9 Conjurations
 + Level 4.8 Summonings
 - Level 4.0 Necromancy
 - Level 0.7 Transmutations
 + Level 11.9 Earth Magic


You had 32 spell levels left.
You knew the following spells:

 Your Spells              Type           Power      Damage    Failure   Level
a - Sandblast             Erth           100%       2d20      0%          1
b - Stone Arrow           Conj/Erth      100%       3d13      1%          3

Your spell library contained the following spells:

 Spells                   Type           Power      Damage    Failure   Level
 Fireball                 Conj/Fire      17%        3d9       7%          5
 Passwall                 Tmut/Erth      56%        N/A       1%          2
 Frozen Ramparts          Ice            34%        1d6       2%          3
 Petrify                  Tmut/Erth      68%        N/A       2%          4
 Gell's Gravitas          Tloc           17%        N/A       10%         3
 Teleport Other           Tloc           17%        N/A       10%         3
 Summon Ice Beast         Ice/Summ       31%        N/A       12%         4
 Ice Form                 Ice/Tmut       19%        N/A       26%         4
 Summon Forest            Summ/Tloc      15%        N/A       32%         5
 Summon Mana Viper        Hex/Summ       31%        N/A       32%         5
 Summon Cactus Giant      Summ           22%        N/A       54%         6
 Dispersal                Tloc           8%         N/A       99%         6


Dungeon Overview and Level Annotations

Branches:
Dungeon (10/15)            Temple (1/1) D:7            Lair (3/5) D:10
  Snake (0/4) Lair:2          Orc (0/2) D:9           IceCv (1/1)
  Swamp: Lair:2-3    Shoals: Lair:2-3

Altars:
Ashenzari
Elyvilon
Fedhas
Gozag
Hepliaklqana
Kikubaaqudgha
Makhleb
Okawaru
Qazlal
Ru
Sif Muna
Trog
Uskayaw
Vehumet
Wu Jian
Xom
Yredelemnul
The Shining One

Shops:
D:9 :

Annotations:
D:7 1 runed translucent door, Chingon's ghost, novice MiFi IceCv exclusion: ice statue


Innate Abilities, Weirdness & Mutations

You are immune to sickness and miasma.
Your stone body is resilient. (AC +8)
You are immune to poison.
You resist negative energy. (rN+)
You are resistant to electric shocks. (rElec)
You are resistant to unholy torment.
You are immune to petrification.


Message History

Press: ? - help, Shift-Dir - straight line, f/p - komodo dragon simulacrum
Aim: a komodo dragon simulacrum (heavily damaged, 99% to hit)
You feel a surge of power!
The blast of sand hits the komodo dragon simulacrum!
The komodo dragon simulacrum is almost destroyed.
The komodo dragon simulacrum closely misses you.
Casting: Sandblast (safe; 0% risk of failure)
Confirm with . or Enter, or press ? or * to list all spells.
Aiming: Sandblast (safe; 0% risk of failure)
Press: ? - help, Shift-Dir - straight line, f/p - komodo dragon simulacrum
Aim: a komodo dragon simulacrum (almost destroyed, 99% to hit)
You feel a surge of power!
The blast of sand hits the komodo dragon simulacrum!!
The komodo dragon simulacrum vaporises!
Vehumet accepts your kill.
Casting: Sandblast (safe; 0% risk of failure)
Confirm with . or Enter, or press ? or * to list all spells.
Aiming: Sandblast (safe; 0% risk of failure)
Press: ? - help, Shift-Dir - straight line, f - lindwurm simulacrum
Aim: a lindwurm simulacrum (freezing vapour, 100% to hit)
You feel a surge of power!
The blast of sand hits the lindwurm simulacrum.
The lindwurm simulacrum is moderately damaged.
The lindwurm simulacrum bites you.
* * * LOW HITPOINT WARNING * * *
The lindwurm simulacrum freezes you! You resist.
* * * LOW HITPOINT WARNING * * *
The lindwurm simulacrum barely misses you.
The lindwurm simulacrum claws you but does no damage.
You feel much better. The lindwurm simulacrum bites you.
The lindwurm simulacrum freezes you! You resist.
* * * LOW HITPOINT WARNING * * *
The lindwurm simulacrum claws you.
* * * LOW HITPOINT WARNING * * *
The lindwurm simulacrum freezes you. You resist.
* * * LOW HITPOINT WARNING * * *
The lindwurm simulacrum claws you.
* * * LOW HITPOINT WARNING * * *
The lindwurm simulacrum freezes you! You resist.
You die...

...# ..## .## ## ##
.## )$. ..# .$.#
..#### ### $$$#
†..#.## ##.####....#
......### ##....@ZZ#
........###..##..###
........#...######
..........###
.........##
........## ......###
....### ..##


You could see a lindwurm simulacrum and a steam dragon simulacrum.

Vanquished Creatures
  A hydra (Lair:1)
  A skyshark (Lair:3)
  An oklob plant (D:10)
  A manticore (D:9)
  An ice statue (IceCv)
  Maggie (D:8)
  2 cane toads (Lair:1)
  2 rime drakes (IceCv)
  3 komodo dragons
  An unseen horror (D:10)
  2 ice devils (Lair:3)
  2 kobold demonologists
  A troll (D:10)
  2 hornets (D:9)
  Grinder (D:6)
  4 blink frogs (Lair:3)
  A shadow (D:9)
  A fire elemental (Lair:1)
  2 basilisks (Lair:1)
  10 yaks
  A steam dragon (D:8)
  5 wyverns
  5 water moccasins
  2 nagas (Lair:2)
  6 orc warriors
  A black bear (Lair:1)
  2 sky beasts (D:6)
  An ogre (D:4)
  4 wolves (Lair:2)
  2 centaurs
  2 kobold brigands (D:10)
  6 bullfrogs
  A scorpion (D:7)
  7 wights
  23 killer bees
  2 lindwurm simulacra (IceCv)
  3 electric eels
  6 howler monkeys
  4 komodo dragon simulacra (IceCv)
  3 orc priests
  2 jellies
  6 hounds
  5 iguanas
  5 orc wizards
  4 hell rats (Lair:1)
  13 gnolls
  An acid dragon simulacrum (IceCv)
  8 adders
  2 white imps
  3 steam dragon simulacra (IceCv)
  A dart slug (D:2)
  47 orcs
  3 endoplasms (D:1)
  5 giant cockroaches
  3 goblins
  10 hobgoblins
  8 jackals
  4 quokkas
  12 ball pythons
  2 bats (D:2)
  8 frilled lizards
  18 kobolds
  9 rats
305 creatures vanquished.

Vanquished Creatures (others)
  4 fungi
  21 plants
25 creatures vanquished.

Grand Total: 330 creatures vanquished

Notes
Turn   | Place    | Note
-------+----------+-------------------------------------------
     0 | D:1      | Crownlay the Gargoyle Earth Elementalist began the quest
                  | for the Orb.
     0 | D:1      | Reached XP level 1. HP: 10/10 MP: 3/3
   111 | D:1      | Reached XP level 2. HP: 15/15 MP: 3/5
   721 | D:1      | Reached XP level 3. HP: 19/19 MP: 5/7
   904 | D:2      | Reached skill level 3 in Spellcasting
  1039 | D:2      | Learned a level 3 spell: Stone Arrow
  1124 | D:2      | Reached XP level 4. HP: 24/24 MP: 5/9
  1829 | D:3      | Reached skill level 4 in Spellcasting
  1829 | D:3      | Reached XP level 5. HP: 25/28 MP: 3/11
  1928 | D:3      | You fall into a shaft and drop 1 floor!
  2090 | D:4      | Reached skill level 5 in Earth Magic
  2187 | D:4      | Found a hazy altar of Hepliaklqana.
  2410 | D:3      | Found a broken altar of Ashenzari.
  2424 | D:3      | Reached XP level 6. HP: 32/32 MP: 9/13
  2737 | D:3      | Reached skill level 5 in Spellcasting
  3228 | D:5      | Entered Level 5 of the Dungeon
  3349 | D:5      | Found a blossoming altar of Fedhas.
  3352 | D:5      | Found a sacrificial altar of Ru.
  3360 | D:5      | Reached XP level 7. HP: 35/36 MP: 10/15
  3496 | D:5      | Found an iron altar of Okawaru.
  4054 | D:6      | Reached skill level 6 in Spellcasting
  4393 | D:6      | Noticed Grinder
  4401 | D:6      | Killed Grinder
  4402 | D:6      | Reached skill level 7 in Spellcasting
  4402 | D:6      | Reached XP level 8. HP: 41/41 MP: 14/18
  4941 | D:7      | Reached skill level 8 in Spellcasting
  4993 | D:7      | Noticed Chingon's ghost (novice MiFi)
  4996 | D:7      | Found a runed translucent door.
  5085 | D:7      | Found a staircase to the Ecumenical Temple.
  5094 | Temple   | Entered the Ecumenical Temple
  5104 | Temple   | Became a worshipper of Vehumet
  5284 | D:7      | Found a basalt altar of Yredelemnul.
  5565 | D:8      | Reached XP level 9. HP: 29/45 MP: 17/21
  5677 | D:8      | Noticed Maggie
  5707 | D:8      | Reached skill level 9 in Spellcasting
  5781 | D:8      | Found a stormy altar of Qazlal.
  5783 | D:8      | Noticed a kobold demonologist
  5785 | D:8      | Killed a kobold demonologist
  5898 | D:8      | Killed Maggie
  6077 | D:8      | Reached * piety under Vehumet
  6077 | D:8      | Offered knowledge of Magic Dart by Vehumet.
  6232 | D:8      | Reached skill level 10 in Spellcasting
  6249 | D:8      | Reached skill level 10 in Earth Magic
  6575 | D:9      | Reached XP level 10. HP: 48/51 MP: 24/24
  6578 | D:9      | Reached skill level 1 in Shields
  6578 | D:9      | Reached skill level 1 in Conjurations
  6628 | D:9      | Reached skill level 1 in Fighting
  6655 | D:9      | Found Qyrycw's Book Boutique.
  6700 | D:9      | Reached skill level 1 in Summonings
  6700 | D:9      | Reached skill level 1 in Necromancy
  6781 | D:9      | Reached ** piety under Vehumet
  6819 | D:9      | Noticed a manticore
  6825 | D:9      | Killed a manticore
  6825 | D:9      | Offered knowledge of Scorch by Vehumet.
  7428 | D:9      | Found a staircase to the Orcish Mines.
  7495 | D:9      | Reached skill level 11 in Spellcasting
  7712 | D:10     | Entered Level 10 of the Dungeon
  7731 | D:9      | Offered knowledge of Frozen Ramparts by Vehumet.
  7767 | D:10     | Found a staircase to the Lair.
  7767 | D:10     | Noticed an oklob plant
  7828 | D:10     | Found a burning altar of Makhleb.
  8078 | D:10     | Killed an unseen horror
  8151 | D:10     | Reached *** piety under Vehumet
  8503 | D:10     | Noticed a kobold demonologist
  8511 | D:10     | Killed a kobold demonologist
  8512 | D:10     | Reached XP level 11. HP: 58/60 MP: 26/26
  8811 | D:10     | Killed an oklob plant
  8919 | Lair:1   | Entered Level 1 of the Lair of Beasts
  9041 | Lair:1   | Offered knowledge of Olgreb's Toxic Radiance by Vehumet.
  9920 | Lair:1   | Noticed a seven-headed hydra
 10247 | Lair:1   | Killed a seven-headed hydra
 10247 | Lair:1   | Reached **** piety under Vehumet
 10307 | Lair:2   | Found a staircase to the Snake Pit.
 10537 | Lair:2   | Offered knowledge of Fireball by Vehumet.
 10614 | Lair:2   | Reached skill level 12 in Spellcasting
 10668 | Lair:2   | Reached skill level 5 in Fighting
 10704 | Lair:2   | Reached skill level 5 in Conjurations
 11190 | Lair:3   | Reached XP level 12. HP: 49/68 MP: 28/28
 11598 | Lair:3   | Found a frozen archway.
 11621 | IceCv    | Entered an ice cave
 11970 | IceCv    | Slain by a lindwurm simulacrum

Illustrated notes

Levels and vault maps discovered:
D:1:      lightli_arrival_flooded_house, layout_basic
D:2:      layout_rooms, minmay_tetromino_t4
D:3:      layout_loops_ring, nicolae_overflow_crystal_walls
D:4:      layout_basic, mainiacjoe_overflow_tiny_flanked, minivault_27
D:5:      layout_cave_pods, mainiacjoe_overflow_paths,
          mainiacjoe_overflow_cross_hatched, fedhas_altar_1,
          hangedman_decor_push
D:6:      nicolae_cairo_tiling_very_big, layout_basic, uniq_grinder
D:7:      layout_cave_pools, yredelemnul_altar_generic,
          minmay_temple_entry_sparse_star, hellmonk_ghost_happy_afterlife
D:8:      layout_rooms, lemuel_tele_altar, special_room [special_room_orc],
          kennysheep_dice, uniq_maggie
D:9:      layout_loops_ring, minmay_orc_entry_temple_small, serial_shops,
          nicolae_diamond_shop
D:10:     layout_long_grid, amcnicky_altar_gilded, dpeg_oklobed_lair,
          kennysheep_opposing_triangles
Temple:   eino_temple_lava
Lair:1:   layout_gridlike
Lair:2:   layout_hall_layers, guppyfry_snake_entry_island, lemuel_old_faithful,
          serial_bayou_shore_a, infiniplex_staircase_pool
Lair:3:   layout_layer_cave, elwin_shoals_entry_rooms,
          portal_ice_cave_demonic_guard, grunt_megastairs_5
IceCv:    ice_cave_small_dragons

Skill      XL: |  1  2  3  4  5  6  7  8  9 10 11 |
---------------+----------------------------------+-----
Earth Magic    | 4 5 6 7 8 10 11 | 11.9
Spellcasting   | 3 4 5 7 8 10 11 12 | 12.5
Shields        | 1 |  1.0
Conjurations   | 3 5 |  5.9
Fighting       | 3 5 |  5.9
Summonings     | 2 4 |  4.8
Necromancy     | 2 4 |  4.0
Dodging        | |  1.5
Stealth        | |  2.1
Transmutations | |  0.7

Action                     |  1- 3 |  4- 6 |  7- 9 | 10-12 || total
---------------------------+-------+-------+-------+-------++-------
  Melee: Unarmed           |    29 |       |       |       ||    29
         Staff             |     1 |     1 |       |    12 ||    14
         Punch             |     1 |       |       |       ||     1
   Cast: Sandblast         |    51 |    84 |   125 |   273 ||   533
         Stone Arrow       |       |       |     2 |    44 ||    46
  Evoke: Wand              |       |       |       |     2 ||     2
    Use: Scroll            |       |     5 |     6 |     4 ||    15
         Potion            |       |       |       |     3 ||     3
 Armour: Robe              |    23 |     8 |     7 |       ||    38
         Steam dragon scal |       |       |    22 |   110 ||   132
  Dodge: Dodged            |    27 |    17 |    32 |   136 ||   212

Table legend: (Time is in decaauts)
 A = Elapsed time spent in this place.
 B = Non-inter-level travel time spent in this place.
 C = Inter-level travel time spent in this place.
 D = Time resting spent in this place.
 E = Time spent auto-exploring this place.
 F = Levels seen in this place.
 G = Mean time per level.
                   A        B        C        D        E       F      G
               +--------+--------+--------+--------+--------+-----+--------+
         Total |  12248 |  11617 |    631 |    175 |   9223 |  15 |  816.5 |
       Dungeon |   9083 |   8772 |    311 |     27 |   7349 |  10 |  908.3 |
        Temple |     18 |     11 |      7 |      0 |      0 |   1 |   18.0 |
          Lair |   2777 |   2464 |    313 |     30 |   1721 |   3 |  925.7 |
      Ice Cave |    369 |    369 |      0 |    118 |    153 |   1 |  369.0 |
               +--------+--------+--------+--------+--------+-----+--------+

Top non-repeatable levels by time:
  Lair:1: 1367 daAuts
     D:9: 1230 daAuts
    D:10: 1216 daAuts
     D:8: 1107 daAuts
     D:3: 911 daAuts
     D:6: 899 daAuts
  Lair:2: 895 daAuts
     D:1: 889 daAuts
     D:5: 820 daAuts
     D:4: 754 daAuts
     D:2: 736 daAuts
     D:7: 518 daAuts
  Lair:3: 514 daAuts
   IceCv: 369 daAuts
  Temple: 18 daAuts
